 Dungeon Crawl Stone Soup version 0.29-a0-320-g9f8742066b (webtiles) character file.

Game seed: 8045208269167813033

197 jmlagarto the Sneak (level 5, 0/22 HPs)
             Began as a Felid Air Elementalist on Apr 2, 2022.
             Was a Believer of Fedhas.
             Slain by Pikel
             ... wielding a +0 whip of flaming
              (2 damage)
             ... on level 4 of the Dungeon.
             The game lasted 00:09:40 (6380 turns).

jmlagarto the Sneak (Felid Air Elementalist)        Turns: 6380, Time: 00:09:41

Health: 0/22       AC:  2    Str:  4    XL:     5   Next: 46%
Magic:  2/10       EV: 18    Int: 18    God:    Fedhas [**....]
Gold:   165        SH:  0    Dex: 17    Spells: 3/9 levels left
                                        Lives:  0   Deaths: 1

rFire   . . .      SeeInvis +     - Unarmed
rCold   . . .      Faith    .   (shield unavailable)
rNeg    . . .      Spirit   .   (body armour unavailable)
rPois   .          Reflect  .   (helmet unavailable)
rElec   .          Harm     .   (cloak unavailable)
rCorr   .          Rampage  .   (gloves unavailable)
Will    .....                   (boots unavailable)
Stlth   +++.......              (no amulet)
HPRegen 0.07/turn               (no ring)
MPRegen 0.12/turn               (no ring)

@: quick
A: very small, claws 1, fangs 3, see invisible, speed 1, shaggy fur 2, stealthy
paws, no weapons or thrown items, no armour, multi-lived
a: Renounce Religion, Wall of Briars


You were on level 4 of the Dungeon.
You worshipped Fedhas.
Fedhas was pleased with you.
You visited 1 branch of the dungeon, and saw 4 of its levels.

You collected 165 gold pieces.

Inventory:

Wands
 e - a wand of acid (7)
 n - a wand of charming (9)
Scrolls
 b - a scroll of vulnerability {unknown}
 d - a scroll of fog {unknown}
 f - a scroll of noise {unknown}
 g - a scroll of immolation {unknown}
 h - 2 scrolls of enchant weapon {unknown}
 i - 2 scrolls of teleportation {unknown}
 j - 5 scrolls of magic mapping {unknown}
 k - 3 scrolls of identify {unknown}
Potions
 a - a potion of attraction {unknown}
 c - a potion of curing
 l - 2 potions of flight {unknown}
 m - a potion of brilliance {unknown}
 o - a potion of haste {unknown}


   Skills:
 + Level 1.6 Fighting
 + Level 4.1 Dodging
 + Level 4.3 Stealth
 + Level 1.7 Unarmed Combat
 + Level 2.9 Spellcasting
 + Level 2.1 Conjurations
 + Level 3.5 Air Magic
 + Level 1.9 Evocations


You had 3 spell levels left.
You knew the following spells:

 Your Spells              Type           Power      Damage    Failure   Level
a - Shock                 Conj/Air       48%        1d6       5%          1
b - Static Discharge      Conj/Air       12%        N/A       8%          2
c - Swiftness             Air            15%        N/A       12%         3

Your spell library contained the following spells:

 Spells                   Type           Power      Damage    Failure   Level
 Animate Skeleton         Necr           4%         N/A       17%         1
 Apportation              Tloc           4%         N/A       17%         1
 Summon Small Mammal      Summ           8%         N/A       17%         1
 Airstrike                Air            7%         N/A       36%         4
 Lightning Bolt           Conj/Air       6%         1d18      82%         5
 Maxwell's Capacitive Co  Air            7%         ∞         100%        8


Dungeon Overview and Level Annotations

Branches:
Dungeon (4/15)
 Temple: D:4-7

Altars:
Cheibriados
Elyvilon
Fedhas

Annotations:
D:4 Pikel


Innate Abilities, Weirdness & Mutations

You have sharp claws.
You have razor-sharp teeth.
You have supernaturally acute eyesight. (SInv)
You cover ground quickly. (Speed+)
You are covered in thick fur. (AC +2)
Your paws help you pounce on unaware monsters.
You are incapable of wielding weapons or throwing items.
You cannot wear armour.
You gain extra lives every three experience levels.


Message History

The zap hits the adder.
You kill the adder!
Fedhas appreciates your contribution to the ecosystem.
Your magical contamination has completely faded away.
n - a wand of charming (9)
o - a white potion Pikel, Merchant of Souls comes into view.
He is wielding a +0 whip of flaming.
Pikel shouts!
The zap misses Pikel.
The zap misses Pikel.
The zap hits the lemure.
The lemure is moderately wounded.
The lemure shouts!
You hear a shout!
You hear an angry hiss.
The zap hits Pikel.
Pikel is lightly wounded.
The zap misses the lemure.
The zap hits Pikel.
Pikel is lightly wounded.
The zap hits the lemure.
The lemure is moderately wounded.
The zap hits Pikel.
Pikel is lightly wounded.
The zap hits the lemure.
The lemure is heavily wounded.
The zap hits Pikel but does no damage.
Pikel is lightly wounded.
The zap hits the lemure.
The lemure is heavily wounded.
A lemure comes into view.
Pikel hits you with a +0 whip of flaming!
Pikel burns you.
Casting: Shock (safe; 5% risk of failure)
Confirm with . or Enter, or press ? or * to list all spells.
Pikel is struck by an arc of lightning!
Pikel is moderately wounded.
The lightning grounds out.
Pikel hits you with a +0 whip of flaming!
* * * LOW HITPOINT WARNING * * *
Pikel burns you.
You die...
Fedhas appreciates your contribution to the ecosystem.

.# .# ## ## .# #. ..
.# #.# .# .## ##
#.####..# .....
...##....#..# ...#.
..........## ##Y#..
#..#.#...###
#..#######...@K5...5.
#........†...#....###
.#.........###......
###.###....##.#.#
#.#### ...##
##.#.##.##.# .#
###.###............ #
.....#.######### ###
#####.## ###


You could see Pikel and 2 lemures.

Vanquished Creatures
  A hound (D:4)
  Ijyb (D:3)
  Natasha (thrice) (D:3 D:2)
  3 gnolls
  12 adders
  2 worms
  3 dart slugs
  2 orcs (D:4)
  7 endoplasms
  2 giant cockroaches (D:1)
  3 hobgoblins
  2 jackals (D:1)
  6 quokkas
  7 ball pythons
  4 bats
  10 frilled lizards
  6 goblins
  4 kobolds
  3 rats
81 creatures vanquished.

Vanquished Creatures (others)
  A butterfly (D:3)
  6 plants (D:4)
7 creatures vanquished.

Grand Total: 88 creatures vanquished

Notes
Turn   | Place    | Note
-------+----------+-------------------------------------------
     0 | D:1      | jmlagarto the Felid Air Elementalist began the quest for
                  | the Orb.
     0 | D:1      | Reached XP level 1. HP: 7/7 MP: 4/4
   184 | D:1      | Reached skill level 1 in Conjurations
   228 | D:1      | Found a faded altar of an unknown god.
   560 | D:1      | Reached XP level 2. HP: 11/11 MP: 0/6
  1813 | D:1      | Prayed at the altar of an unknown god.
  1813 | D:1      | Became a worshipper of Fedhas Madash
  1813 | D:1      | Reached * piety under Fedhas
  1930 | D:2      | Reached XP level 3. HP: 14/14 MP: 4/7
  2484 | D:2      | Reached XP level 4. HP: 11/18 MP: 2/8
  2754 | D:3      | Reached ** piety under Fedhas
  3042 | D:3      | Reached skill level 1 in Evocations
  3048 | D:3      | Reached skill level 1 in Unarmed Combat
  3415 | D:3      | Found a white marble altar of Elyvilon.
  3484 | D:3      | Noticed Ijyb
  3784 | D:3      | Reached skill level 1 in Fighting
  3868 | D:3      | Learned a level 2 spell: Static Discharge
  3877 | D:3      | Noticed Natasha
  3879 | D:3      | Learned a level 3 spell: Swiftness
  3935 | D:3      | Reached XP level 5. HP: 17/22 MP: 3/9
  4115 | D:3      | Killed Ijyb
  4272 | D:3      | Killed Natasha
  4277 | D:3      | Noticed Natasha
  4774 | D:2      | Killed Natasha
  5077 | D:2      | Noticed Natasha
  5086 | D:2      | Killed Natasha
  5448 | D:4      | Gained mutation: You are covered in thick fur. (AC +2)
                  | [Felid growth]
  5448 | D:4      | Reached XP level 6. HP: 25/25 MP: 7/11
  5984 | D:4      | Found a snail-covered altar of Cheibriados.
  6064 | D:4      | Slain by a lemure
  6065 | D:4      | Reached XP level 5. HP: -1/22 MP: 1/10
  6251 | D:4      | Noticed a sky beast
  6373 | D:4      | Noticed Pikel
  6379 | D:4      | Noticed a lemure
  6380 | D:4      | Slain by Pikel

Illustrated notes

Levels and vault maps discovered:
D:1:      dpeg_arrival_round_c, layout_loops_ring,
          shapermc_ecumenical_altar_mp_highgroup, minmay_bisected
D:2:      layout_basic, minmay_lizard_pond
D:3:      layout_rooms, nicolae_elyvilon_peaceful_grove, uniq_ijyb, uniq_natasha
D:4:      layout_loops_ring, mainiacjoe_overflow_tiny_flanked, serial_bayou,
          serial_bayou_shore_b, serial_bayou_pond_a, serial_bayou_shore_b,
          serial_bayou_pond_d, minmay_circle_x, uniq_pikel

Skill      XL: |  1  2  3  4  5  6 |
---------------+-------------------+-----
Conjurations   | 1 2 |  2.1
Dodging        | 3 4 |  4.1
Stealth        | 3 4 |  4.3
Air Magic      | 3 |  3.5
Evocations     | 1 |  1.9
Unarmed Combat | 1 |  1.7
Fighting       | 1 |  1.6
Spellcasting   | |  2.9

Action                   |  1- 3 |  4- 6 || total
-------------------------+-------+-------++-------
Melee: Unarmed           |    43 |    32 ||    75
       Bite              |     3 |     4 ||     7
 Cast: Shock             |    77 |   183 ||   260
       Static Discharge  |       |    10 ||    10
  Use: Potion            |       |     3 ||     3
 Stab: Sleeping          |     2 |       ||     2
Armor: Skin              |     5 |     3 ||     8
Dodge: Dodged            |    52 |    79 ||   131

Table legend: (Time is in decaauts)
 A = Elapsed time spent in this place.
 B = Non-inter-level travel time spent in this place.
 C = Inter-level travel time spent in this place.
 D = Time resting spent in this place.
 E = Time spent auto-exploring this place.
 F = Levels seen in this place.
 G = Mean time per level.
                   A        B        C        D        E       F      G
               +--------+--------+--------+--------+--------+-----+--------+
         Total |   6016 |   5857 |    159 |    495 |   4586 |   4 | 1504.0 |
       Dungeon |   6016 |   5857 |    159 |    495 |   4586 |   4 | 1504.0 |
               +--------+--------+--------+--------+--------+-----+--------+

Top non-repeatable levels by time:
     D:2: 2187 daAuts
     D:1: 1665 daAuts
     D:3: 1632 daAuts
     D:4: 532 daAuts
